[Event "42nd Olympiad Baku 2016 Women"]
[Site "Baku"]
[Date "2016.09.05"]
[Round "4.28"]
[White "Dierckens, Sarah"]
[Black "Odinaeva, Saodat"]
[Result "1/2-1/2"]
[ECO "C17"]
[WhiteElo "1830"]
[BlackElo "1881"]
[Annotator ""]
[PlyCount "82"]
[EventDate "2016.??.??"]
[EventCountry "AZE"]
[SourceTitle "playchess.com"]
[Source "ChessBase"]
[WhiteTeam "Belgium"]
[BlackTeam "Tajikistan"]
[WhiteTeamCountry "BEL"]
[BlackTeamCountry "TJK"]
[TimeControl "40/5400+30:1800+30"]

1. e4 {(00:00)} e6 {(00:00)} 2. d4 {(00:00)} d5 {(
00:00)} 3. Nc3 {(00:00)} Bb4 {(00:00)} 4. e5 {(00:02)} c5
{(00:17)} 5. a3 {(00:11)} cxd4 {(01:30)} 6. Qxd4 {(
04:11)} Nc6 {(06:49)} 7. Bb5 {(01:41)} Bf8 {(00:58)} 8.
Qd1 {(14:31)} Bd7 {(00:52)} 9. Nf3 {(06:25)} Nge7 {
(04:50)} 10. O-O {(02:01)} Ng6 {(02:09)} 11. Re1 {(
01:47)} Bc5 {(04:46)} 12. Na4 {(09:31)} Bb6 {(03:29)} 13.
Nxb6 {(01:13)} Qxb6 {(02:00)} 14. Bd3 {(04:21)} O-O {
(03:07)} 15. c4 {(06:52)} dxc4 {(04:19)} 16. Bxc4 {
(00:22)} Rad8 {(00:26)} 17. Bg5 {(02:39)} Nce7 {(
03:22)} 18. Qd6 {(04:46)} Bc6 {(03:28)} 19. Qb4 {(11:49)}
Qxb4 {(02:51)} 20. axb4 {(00:15)} Bxf3 {(00:06)} 21. gxf3
{(00:09)} Rd4 {(01:04)} 22. b3 {(03:13)} Nc6 {(02:
14)} 23. Be3 {(04:19)} Rdd8 {(02:13)} 24. f4 {(01:07)} a6
{(12:50)} 25. Red1 {(04:53)} Rfe8 {(09:08)} 26. b5 {
(03:09)} axb5 {(03:36)} 27. Bxb5 {(00:03)} Nge7 {(
00:28)} 28. Rd6 {(05:19)} Nf5 {(08:12)} 29. Bxc6 {(02:14)}
bxc6 {(10:01)} 30. Rxc6 {(00:12)} Nxe3 {(00:21)} 31. fxe3
{(00:06)} Rd3 {(00:02)} 32. Rb6 {(03:49)} Rxe3 {(
00:13)} 33. Ra7 {(01:34)} Re4 {(00:28)} 34. Ra4 {(02:01)}
Re2 {(01:00)} 35. Rb7 {(00:25)} Rd8 {(00:25)} 36. Rd4 {
(00:59)} Ra8 {(01:45)} 37. Ra4 {(00:58)} Rc8 {(00:
01)} 38. Rc4 {(00:29)} Rd8 {(00:45)} 39. Rd4 {(00:31)} Rc8
{(00:01)} 40. Rc4 {(00:00)} Rd8 {(00:00)} 41. Rd4 {
(11:05)} Rc8 {(00:08)} 1/2-1/2

[Event "42nd Olympiad Baku 2016 Women"]
[Site "Baku"]
[Date "2016.09.05"]
[Round "4.17"]
[White "Dimitrijevic, Aleksandra"]
[Black "Krush, Irina"]
[Result "1/2-1/2"]
[ECO "D00"]
[WhiteElo "2254"]
[BlackElo "2444"]
[Annotator ""]
[PlyCount "70"]
[EventDate "2016.??.??"]
[EventCountry "AZE"]
[SourceTitle "playchess.com"]
[Source "ChessBase"]
[WhiteTeam "Bosnia  Herzegovina"]
[BlackTeam "United States"]
[WhiteTeamCountry "BIH"]
[BlackTeamCountry "USA"]
[TimeControl "40/5400+30:1800+30"]

1. d4 {(00:00)} d5 {(00:00)} 2. Bf4 {(00:00)} Nf6 {
(00:54)} 3. e3 {(00:00)} c5 {(01:26)} 4. c3 {(00:
01)} e6 {(03:56)} 5. Nf3 {(00:22)} Nbd7 {(02:15)} 6. Nbd2
{(00:18)} a6 {(01:13)} 7. Bd3 {(05:25)} b5 {(02:12]
} 8. Qe2 {(10:49)} Bb7 {(01:58)} 9. e4 {(07:50)} c4 {
(18:02)} 10. Bc2 {(01:18)} dxe4 {(00:10)} 11. Nxe4 {
(01:08)} Nxe4 {(00:41)} 12. Bxe4 {(00:08)} Bxe4 {(
00:18)} 13. Qxe4 {(00:05)} Be7 {(01:15)} 14. Ne5 {(08:01)}
O-O {(05:11)} 15. Qb7 {(04:18)} Nxe5 {(02:09)} 16. Bxe5 {
(01:04)} Re8 {(09:15)} 17. O-O {(04:06)} Qd5 {(00:
31)} 18. Qxd5 {(00:22)} exd5 {(00:08)} 19. Rfe1 {(00:18)}
f6 {(04:25)} 20. Bf4 {(02:43)} Kf7 {(00:45)} 21. Kf1 {
(00:31)} h5 {(06:27)} 22. h4 {(17:20)} Rec8 {(01:
36)} 23. Re2 {(00:55)} Rc6 {(00:18)} 24. Rae1 {(00:41)}
Bf8 {(00:21)} 25. f3 {(04:30)} a5 {(01:45)} 26. g4 {
(08:26)} g6 {(11:57)} 27. Kg2 {(00:52)} b4 {(00:23]
} 28. g5 {(08:14)} f5 {(00:08)} 29. Bd2 {(03:58)} Rb6 {
(06:42)} 30. Re5 {(00:52)} Rd8 {(00:11)} 31. R5e2 {
(00:22)} Ra6 {(11:36)} 32. Kf2 {(04:30)} Bd6 {(04:
29)} 33. Kg2 {(00:08)} Bf8 {(00:07)} 34. Kf2 {(00:05)}
Rda8 {(02:20)} 35. Re5 {(00:18)} Rd8 {(00:20)} 1/2-1/2

[Event "42nd Olympiad Baku 2016 Women"]
[Site "Baku"]
[Date "2016.09.05"]
[Round "4.23"]
[White "Dovchin, Bolortungalag"]
[Black "Abdi, Zineb Dina"]
[Result "0-1"]
[ECO "C97"]
[WhiteElo "1544"]
[BlackElo "1953"]
[Annotator ""]
[PlyCount "124"]
[EventDate "2016.??.??"]
[EventCountry "AZE"]
[SourceTitle "playchess.com"]
[Source "ChessBase"]
[WhiteTeam "Korea"]
[BlackTeam "Algeria"]
[WhiteTeamCountry "KOR"]
[BlackTeamCountry "ALG"]
[TimeControl "40/5400+30:1800+30"]

1. e4 {(00:00)} e5 {(00:00)} 2. Nf3 {(00:00)} Nc6 {
(00:00)} 3. Bb5 {(00:04)} a6 {(00:00)} 4. Ba4 {(00:
12)} Nf6 {(00:38)} 5. O-O {(01:50)} b5 {(00:16)} 6. Bb3 {
(00:09)} Be7 {(00:46)} 7. Re1 {(00:35)} O-O {(00:
18)} 8. c3 {(00:56)} d6 {(00:35)} 9. h3 {(00:37)} Na5 {
(01:10)} 10. Bc2 {(05:03)} c5 {(00:19)} 11. d4 {(
00:30)} Qc7 {(00:48)} 12. b3 {(34:37)} Bd7 {(02:56)} 13.
d5 {(07:55)} c4 {(04:38)} 14. b4 {(02:03)} Nb7 {(
00:09)} 15. a4 {(10:53)} bxa4 {(16:04)} 16. Bxa4 {(01:05)}
a5 {(01:45)} 17. Bxd7 {(16:45)} Qxd7 {(01:17)} 18. Bd2 {
(03:42)} Rfc8 {(10:36)} 19. Qc2 {(02:48)} Ne8 {(02:
04)} 20. Na3 {(04:08)} Qc7 {(07:01)} 21. Rec1 {(00:41)}
Nf6 {(03:12)} 22. g4 {(01:09)} Qd7 {(01:32)} 23. Nh2 {
(00:44)} h5 {(02:48)} 24. f3 {(00:11)} Nh7 {(04:50]
} 25. Kg2 {(00:42)} h4 {(08:28)} 26. Nf1 {(00:13)} axb4 {
(20:16)} 27. cxb4 {(00:09)} c3 {(00:53)} 28. Bxc3 {
(01:27)} Bg5 {(00:08)} 29. Nd2 {(00:27)} Qe7 {(04:
13)} 30. Qd1 {(01:12)} Be3 {(00:35)} 31. Nac4 {(00:26)}
Rxa1 {(00:55)} 32. Rxa1 {(00:54)} Bxd2 {(00:52)} 33. Bxd2
{(01:44)} Rxc4 {(00:11)} 34. Ra8+ {(00:18)} Nf8 {(
00:43)} 35. Qb3 {(00:47)} Qc7 {(00:58)} 36. Kf1 {(00:47)}
f6 {(05:13)} 37. Ke2 {(00:09)} Rd4 {(00:47)} 38. b5 {
(01:55)} Qc4+ {(00:30)} 39. Qxc4 {(00:08)} Rxc4 {(
00:00)} 40. Rb8 {(00:00)} Nc5 {(00:00)} 41. b6 {(00:46)}
Rc2 {(07:26)} 42. Kd1 {(02:25)} Rb2 {(00:34)} 43. Be3 {
(01:38)} Ncd7 {(07:45)} 44. Rd8 {(03:07)} Nxb6 {(
02:32)} 45. Kc1 {(02:31)} Nc4 {(02:08)} 46. Rc8 {(02:27)}
Rb4 {(00:11)} 47. Bf2 {(01:08)} g5 {(01:50)} 48. Be1 {
(01:18)} Ra4 {(00:10)} 49. Kc2 {(00:43)} Ne3+ {(06:
33)} 50. Kb3 {(00:30)} Ra6 {(00:29)} 51. Bf2 {(04:09)} Ng2
{(01:10)} 52. Rc6 {(02:11)} Ra8 {(02:17)} 53. Rxd6 {
(00:19)} Kf7 {(00:13)} 54. Rc6 {(00:59)} Nf4 {(01:
35)} 55. Rc7+ {(00:31)} Ke8 {(00:53)} 56. Bc5 {(00:44)}
Nd7 {(00:17)} 57. Kc4 {(04:35)} Kd8 {(02:27)} 58. Rb7 {
(00:53)} Rc8 {(00:29)} 59. Rb5 {(00:18)} Rxc5+ {(
00:45)} 60. Rxc5 {(00:08)} Nxc5 {(00:01)} 61. Kxc5 {(00:
08)} Nxh3 {(00:59)} 62. Kd6 {(00:08)} Nf4 {(00:16)} 0-1

[Event "42nd Olympiad Baku 2016 Women"]
[Site "Baku"]
[Date "2016.09.05"]
[Round "4.7"]
[White "Durno, Joy"]
[Black "Johnson, Gabriella"]
[Result "1-0"]
[ECO "E11"]
[WhiteElo "1894"]
[BlackElo "1794"]
[Annotator ""]
[PlyCount "95"]
[EventDate "2016.??.??"]
[EventCountry "AZE"]
[SourceTitle "playchess.com"]
[Source "ChessBase"]
[WhiteTeam "Scotland"]
[BlackTeam "TTO"]
[WhiteTeamCountry "SCO"]
[TimeControl "40/5400+30:1800+30"]

1. d4 {(00:00)} Nf6 {(00:00)} 2. c4 {(00:00)} e6 {(
00:00)} 3. Nf3 {(00:00)} Bb4+ {(00:00)} 4. Nbd2 {(03:11)}
O-O {(02:17)} 5. a3 {(00:09)} Be7 {(00:34)} 6. e4 {
(11:54)} d5 {(07:11)} 7. Qc2 {(04:08)} dxe4 {(04:
52)} 8. Nxe4 {(00:19)} Nc6 {(01:26)} 9. Be3 {(10:53)} Nxe4
{(11:27)} 10. Qxe4 {(00:07)} f5 {(00:11)} 11. Qd3 {
(01:13)} Bf6 {(00:45)} 12. Rd1 {(05:29)} e5 {(07:
41)} 13. dxe5 {(07:18)} Qxd3 {(00:10)} 14. Rxd3 {(05:21)}
Nxe5 {(00:18)} 15. Nxe5 {(00:25)} Bxe5 {(00:18)} 16. Bd4 {
(04:05)} Bxd4 {(01:07)} 17. Rxd4 {(00:04)} Re8+ {(
00:19)} 18. Kd2 {(00:24)} c5 {(04:58)} 19. Rd6 {(01:19)}
Kf7 {(02:03)} 20. Bd3 {(01:43)} Be6 {(06:51)} 21. Re1 {
(00:59)} g6 {(02:10)} 22. Kc3 {(01:10)} Re7 {(08:
47)} 23. f4 {(10:04)} Rae8 {(02:43)} 24. Re5 {(01:07)} b6
{(01:14)} 25. b4 {(05:32)} Rc7 {(00:44)} 26. Be2 {(
03:48)} Bc8 {(02:17)} 27. Rxe8 {(05:06)} Kxe8 {(01:18)}
28. Bf3 {(00:27)} cxb4+ {(02:47)} 29. axb4 {(01:35)} Bb7 {
(01:53)} 30. Bxb7 {(01:30)} Rxb7 {(00:02)} 31. b5 {
(00:51)} Rd7 {(02:44)} 32. Rxd7 {(03:55)} Kxd7 {(
00:07)} 33. Kd4 {(00:08)} Kd6 {(01:02)} 34. h3 {(01:27)}
h6 {(00:13)} 35. h4 {(00:36)} g5 {(01:50)} 36. hxg5 {
(02:28)} hxg5 {(00:04)} 37. fxg5 {(00:12)} Ke6 {(
00:12)} 38. g3 {(00:23)} Kf7 {(00:10)} 39. Ke5 {(00:14)}
Kg6 {(00:19)} 40. Kf4 {(00:00)} Kf7 {(00:00)} 41. Kxf5 {
(00:13)} Kf8 {(00:44)} 42. Kg6 {(00:18)} Ke7 {(00:
14)} 43. Kh7 {(00:09)} Kd6 {(00:09)} 44. g6 {(00:09)} Kc5
{(00:03)} 45. g7 {(00:08)} Kxc4 {(00:03)} 46. g8=Q+ {
(00:11)} Kxb5 {(00:08)} 47. Qb3+ {(00:09)} Kc5 {(
00:18)} 48. g4 {Kd5} 1-0

[Event "42nd Olympiad Baku 2016 Women"]
[Site "Baku"]
[Date "2016.09.05"]
[Round "4.25"]
[White "Dzagnidze, Nana"]
[Black "Mona, Khaled"]
[Result "1-0"]
[ECO "A13"]
[WhiteElo "2522"]
[BlackElo "2175"]
[Annotator ""]
[PlyCount "57"]
[EventDate "2016.??.??"]
[EventCountry "AZE"]
[SourceTitle "playchess.com"]
[Source "ChessBase"]
[WhiteTeam "Georgia"]
[BlackTeam "Egypt"]
[WhiteTeamCountry "GEO"]
[BlackTeamCountry "EGY"]
[TimeControl "40/5400+30:1800+30"]

1. c4 {(00:00)} e6 {(00:00)} 2. Nf3 {(00:23)} d5 {(
00:00)} 3. g3 {(00:23)} Nf6 {(00:30)} 4. Bg2 {(00:23)} Bd6
{(00:34)} 5. d4 {(02:58)} b6 {(01:13)} 6. Nc3 {(00:
51)} a6 {(00:44)} 7. O-O {(06:52)} Bb7 {(00:39)} 8. cxd5 {
(08:55)} Nxd5 {(06:03)} 9. Re1 {(00:50)} Nd7 {(06:
46)} 10. e4 {(02:28)} Nxc3 {(00:23)} 11. bxc3 {(00:01)} e5
{(02:18)} 12. Nh4 {(00:54)} g6 {(03:10)} 13. f4 {(
06:38)} f6 {(03:31)} 14. fxe5 {(15:29)} fxe5 {(00:16)} 15.
Bh6 {(06:51)} Qe7 {(04:10)} 16. Qd2 {(00:28)} Qe6 {
(09:59)} 17. d5 {(04:15)} Bc5+ {(00:26)} 18. Kh1 {(
00:20)} Qd6 {(00:09)} 19. Nf3 {(05:38)} Nf6 {(01:50)} 20.
Bh3 {(00:46)} c6 {(09:58)} 21. Rad1 {(17:56)} cxd5 {
(08:19)} 22. exd5 {(01:45)} Nxd5 {(01:35)} 23. Qg2 {
(01:00)} Qf6 {(04:18)} 24. Nxe5 {(03:12)} Qe7 {(19:
09)} 25. Nc6 {(04:38)} Bxc6 {(04:57)} 26. Rxe7+ {(00:14)}
Nxe7 {(02:39)} 27. Bd7+ {(00:07)} Bxd7 {(01:05)} 28. Qxa8+
{(00:04)} Bc8 {(00:18)} 29. h4 {(01:58)} 1-0

[Event "42nd Olympiad Baku 2016 Women"]
[Site "Baku"]
[Date "2016.09.05"]
[Round "4.10"]
[White "Efroimski, Marsel"]
[Black "Padmini, Rout"]
[Result "1-0"]
[ECO "B92"]
[WhiteElo "2322"]
[BlackElo "2408"]
[Annotator ""]
[PlyCount "95"]
[EventDate "2016.??.??"]
[EventCountry "AZE"]
[SourceTitle "playchess.com"]
[Source "ChessBase"]
[WhiteTeam "Israel"]
[BlackTeam "India"]
[WhiteTeamCountry "ISR"]
[BlackTeamCountry "IND"]
[TimeControl "40/5400+30:1800+30"]

1. e4 {(00:00)} c5 {(00:00)} 2. Nf3 {(00:00)} d6 {(
00:10)} 3. d4 {(00:00)} cxd4 {(00:16)} 4. Nxd4 {(00:00)}
Nf6 {(00:11)} 5. Nc3 {(00:01)} a6 {(00:11)} 6. Be2 {
(00:06)} e5 {(00:47)} 7. Nb3 {(00:04)} Be7 {(00:09]
} 8. Bg5 {(00:13)} Be6 {(00:44)} 9. Bxf6 {(00:07)} Bxf6 {
(00:05)} 10. Qd3 {(00:55)} Be7 {(01:58)} 11. O-O-O {
(00:29)} Nd7 {(02:56)} 12. Nd5 {(00:44)} Bxd5 {(02:
46)} 13. Qxd5 {(00:02)} Qc7 {(00:12)} 14. Kb1 {(11:18)}
O-O {(03:31)} 15. Qd3 {(07:10)} b5 {(06:36)} 16. c3 {
(11:38)} Rab8 {(07:37)} 17. g3 {(14:14)} a5 {(04:
06)} 18. Bg4 {(06:05)} Nf6 {(05:52)} 19. Bh3 {(00:26)} a4
{(03:09)} 20. Nc1 {(03:30)} a3 {(02:03)} 21. b3 {(
00:51)} Rfd8 {(03:41)} 22. Bg2 {(01:39)} d5 {(10:46)} 23.
exd5 {(01:10)} e4 {(00:15)} 24. Bxe4 {(03:26)} Nxe4 {
(01:20)} 25. Qxe4 {(00:08)} Qxc3 {(01:20)} 26. Qd4 {
(09:53)} Qc7 {(02:27)} 27. Nd3 {(00:57)} Bf6 {(05:
09)} 28. Qc5 {(01:05)} Qd7 {(01:06)} 29. d6 {(09:02)} b4 {
(16:50)} 30. Rhe1 {(10:05)} Bc3 {(01:57)} 31. Re7 {
(05:39)} Qg4 {(01:22)} 32. Kc2 {(03:10)} Bd4 {(08:
50)} 33. Qc4 {(01:29)} Rbc8 {(03:26)} 34. Rc7 {(00:43)}
Rxc7 {(01:36)} 35. dxc7 {(00:08)} Rc8 {(00:08)} 36. f3 {
(00:50)} Qd7 {(02:17)} 37. Nc5 {(00:13)} Qf5+ {(00:
27)} 38. Ne4 {(00:23)} Bf6 {(00:19)} 39. Rd3 {(00:35)} Be7
{(01:51)} 40. Qc6 {(00:00)} Qe5 {(00:00)} 41. Rd7 {
(02:25)} Qb2+ {(10:37)} 42. Kd1 {(04:04)} Qa1+ {(
03:00)} 43. Ke2 {(01:01)} Qb2+ {(00:37)} 44. Ke3 {(04:11)}
Kf8 {(02:47)} 45. Qb7 {(04:53)} Qc1+ {(06:42)} 46. Kf2 {
(04:29)} Qc2+ {(01:33)} 47. Kf1 {(01:18)} Re8 {(01:
05)} 48. Rxe7 {(00:34)} 1-0

[Event "42nd Olympiad Baku 2016 Women"]
[Site "Baku"]
[Date "2016.09.05"]
[Round "4.28"]
[White "Elansary, Eman"]
[Black "Batsiashvili, Nino"]
[Result "0-1"]
[ECO "D38"]
[WhiteElo "1949"]
[BlackElo "2474"]
[Annotator ""]
[PlyCount "138"]
[EventDate "2016.??.??"]
[EventCountry "AZE"]
[SourceTitle "playchess.com"]
[Source "ChessBase"]
[WhiteTeam "Egypt"]
[BlackTeam "Georgia"]
[WhiteTeamCountry "EGY"]
[BlackTeamCountry "GEO"]
[TimeControl "40/5400+30:1800+30"]

1. d4 {(00:00)} d5 {(00:00)} 2. Nf3 {(00:00)} Nf6 {
(00:00)} 3. c4 {(00:02)} e6 {(00:05)} 4. Nc3 {(00:
22)} Bb4 {(00:18)} 5. Bg5 {(00:30)} h6 {(00:18)} 6. Bxf6 {
(02:12)} Qxf6 {(00:07)} 7. e3 {(00:05)} O-O {(02:
09)} 8. Be2 {(00:54)} c5 {(07:51)} 9. O-O {(01:37)} cxd4 {
(04:32)} 10. exd4 {(00:52)} dxc4 {(04:34)} 11. Bxc4 {
(11:48)} Nc6 {(05:45)} 12. Ne4 {(04:46)} Qe7 {(06:
51)} 13. a3 {(03:59)} Ba5 {(00:30)} 14. Qe2 {(06:45)} Rd8
{(02:45)} 15. Rad1 {(01:24)} Bb6 {(01:16)} 16. d5 {
(02:21)} exd5 {(01:50)} 17. Bxd5 {(01:45)} Bg4 {(
11:03)} 18. Nc3 {(11:38)} Qxe2 {(16:18)} 19. Nxe2 {(00:09]
} Re8 {(08:22)} 20. Nc3 {(07:54)} Bd8 {(06:04)} 21. Nb5 {
(05:30)} Rf8 {(10:20)} 22. Nd6 {(03:39)} Bf6 {(00:
18)} 23. Nxb7 {(03:45)} Ne7 {(01:06)} 24. Be4 {(09:20)}
Bxb2 {(00:27)} 25. a4 {(00:43)} Rab8 {(01:10)} 26. Nc5 {
(03:09)} Rfc8 {(02:04)} 27. Na6 {(03:21)} Rb6 {(00:
32)} 28. Rb1 {(03:22)} Bf5 {(04:29)} 29. Rfe1 {(08:42)}
Bxe4 {(00:38)} 30. Rxe4 {(00:32)} Nd5 {(00:13)} 31. a5 {
(01:35)} Rxa6 {(01:18)} 32. Rxb2 {(00:08)} Rc1+ {(
00:12)} 33. Ne1 {(01:36)} Rxa5 {(00:16)} 34. f3 {(00:50)}
Raa1 {(01:17)} 35. Kf2 {(00:28)} Rc7 {(01:03)} 36. Re8+ {
(01:05)} Kh7 {(00:02)} 37. Rbe2 {(00:24)} Nf4 {(00:
45)} 38. Rd2 {(00:39)} Ne6 {(00:22)} 39. Rb8 {(00:38)} a5
{(00:29)} 40. Rbb2 {(00:00)} Kg6 {(00:00)} 41. Nc2 {
(02:50)} Rc1 {(02:40)} 42. Ra2 {(01:04)} a4 {(01:
43)} 43. Ne3 {(03:10)} Nc5 {(01:13)} 44. Rdc2 {(02:09)}
Rxc2+ {(01:06)} 45. Rxc2 {(01:05)} Nd3+ {(00:19)} 46. Ke2
{(00:26)} Rxc2+ {(01:17)} 47. Nxc2 {(00:04)} Nf4+ {
(00:04)} 48. Kf2 {(00:41)} Kf6 {(02:02)} 49. g3 {(
00:44)} Ne6 {(00:31)} 50. Ke3 {(00:17)} Ke5 {(00:24)} 51.
Kd3 {(00:39)} Kd5 {(00:17)} 52. Kc3 {(01:19)} Kc5 {
(00:08)} 53. Nb4 {(05:45)} Nc7 {(00:36)} 54. Nd3+ {
(00:17)} Kb5 {(00:16)} 55. Nb4 {(01:11)} Ne6 {(02:
06)} 56. Nc2 {(01:30)} Ng5 {(00:42)} 57. Nd4+ {(00:41)}
Kc5 {(00:08)} 58. h4 {(00:15)} Ne6 {(00:07)} 59. Nf5 {
(03:48)} Kd5 {(02:10)} 60. Ne3+ {(00:30)} Kc5 {(01:
28)} 61. Nf5 {(00:07)} h5 {(05:40)} 62. g4 {(01:45)} g6 {
(00:16)} 63. Ng3 {(00:55)} Nf4 {(02:52)} 64. Ne4+ {
(01:32)} Kd5 {(00:20)} 65. Ng5 {(07:15)} f6 {(00:
35)} 66. Ne4 {(00:17)} Ke5 {(00:34)} 67. gxh5 {(01:41)}
Nxh5 {(00:14)} 68. Kd3 {(02:29)} Kf4 {(00:15)} 69. Ke2 {
(00:42)} Ng3+ {(00:10)} 0-1

[Event "42nd Olympiad Baku 2016 Women"]
[Site "Baku"]
[Date "2016.09.05"]
[Round "4.24"]
[White "Eric, Jovana"]
[Black "Cramling Bellon, Anna"]
[Result "1-0"]
[ECO "B92"]
[WhiteElo "2161"]
[BlackElo "1913"]
[Annotator ""]
[PlyCount "101"]
[EventDate "2016.??.??"]
[EventCountry "AZE"]
[SourceTitle "playchess.com"]
[Source "ChessBase"]
[WhiteTeam "Serbia"]
[BlackTeam "Sweden"]
[WhiteTeamCountry "SRB"]
[BlackTeamCountry "SWE"]
[TimeControl "40/5400+30:1800+30"]

1. e4 {(00:00)} c5 {(00:00)} 2. Nf3 {(00:00)} d6 {(
00:00)} 3. d4 {(00:00)} cxd4 {(00:00)} 4. Nxd4 {(00:00)}
Nf6 {(00:00)} 5. Nc3 {(00:01)} a6 {(00:06)} 6. Be2 {
(00:42)} e5 {(00:16)} 7. Nb3 {(00:05)} Be7 {(00:24]
} 8. Bg5 {(00:34)} Nbd7 {(14:22)} 9. Qd3 {(02:57)} b5 {
(07:08)} 10. Bxf6 {(14:54)} Nxf6 {(00:51)} 11. Rd1 {
(07:03)} Qc7 {(04:52)} 12. O-O {(01:48)} O-O {(06:
11)} 13. a3 {(04:15)} Bb7 {(05:46)} 14. Bf3 {(02:16)} Rac8
{(01:29)} 15. Rfe1 {(01:29)} Rfd8 {(07:21)} 16. Nd2 {
(03:21)} Nd7 {(07:28)} 17. Bg4 {(07:04)} Rb8 {(06:
12)} 18. Nf1 {(01:41)} Nb6 {(02:22)} 19. Ne3 {(02:19)} g6
{(00:43)} 20. g3 {(08:56)} Bg5 {(15:11)} 21. b3 {(
06:46)} Bc6 {(06:55)} 22. h4 {(01:04)} Bh6 {(00:36)} 23.
h5 {(01:16)} Qb7 {(00:47)} 24. hxg6 {(00:54)} hxg6 {
(00:07)} 25. Qe2 {(06:09)} Bf8 {(04:44)} 26. Ned5 {
(03:28)} Nxd5 {(00:44)} 27. Nxd5 {(01:16)} Bxd5 {(
00:23)} 28. Rxd5 {(00:05)} f5 {(01:20)} 29. Bf3 {(00:04)}
Qg7 {(01:03)} 30. Qd3 {(00:23)} Qf6 {(00:37)} 31. Kg2 {
(03:46)} Be7 {(00:46)} 32. a4 {(04:33)} bxa4 {(02:
15)} 33. Qxa6 {(03:04)} axb3 {(00:22)} 34. cxb3 {(00:03)}
Rb4 {(02:37)} 35. Rb5 {(01:36)} Rb8 {(00:40)} 36. Rxb8+ {
(00:47)} Rxb8 {(00:01)} 37. exf5 {(00:32)} gxf5 {(
00:21)} 38. Bd5+ {(01:27)} Kg7 {(00:10)} 39. Qa7 {(00:45)}
Rh8 {(03:06)} 40. Rc1 {(00:00)} Kg6 {(00:00)} 41. Rc7 {
(02:11)} Rh7 {(13:55)} 42. b4 {(03:27)} Qg5 {(02:
26)} 43. Qb8 {(05:03)} e4 {(07:57)} 44. Qg8+ {(05:03)} Rg7
{(00:22)} 45. Qe6+ {(00:22)} Kh7 {(06:10)} 46. b5 {
(02:35)} Qg4 {(00:42)} 47. Rc3 {(02:15)} Qf4 {(02:
26)} 48. b6 {(02:12)} Qe5 {(00:23)} 49. b7 {(05:55)} Qxc3
{(00:30)} 50. Qxf5+ {(00:03)} Rg6 {(01:20)} 51. b8=Q {
(00:32)} 1-0

[Event "42nd Olympiad Baku 2016 Women"]
[Site "Baku"]
[Date "2016.09.05"]
[Round "4.16"]
[White "Faqeeh, Yara"]
[Black "Salim-Moussa, Seydi"]
[Result "0-1"]
[ECO "A42"]
[WhiteElo "1499"]
[BlackElo "1668"]
[Annotator ""]
[PlyCount "52"]
[EventDate "2016.??.??"]
[EventCountry "AZE"]
[SourceTitle "playchess.com"]
[Source "ChessBase"]
[WhiteTeam "Palestine"]
[BlackTeam "Netherlands Antilles"]
[WhiteTeamCountry "PLE"]
[BlackTeamCountry "AHO"]
[TimeControl "40/5400+30:1800+30"]

1. d4 {(00:00)} d6 {(00:00)} 2. c4 {(00:00)} g6 {(
00:00)} 3. Nc3 {(00:18)} Bg7 {(00:04)} 4. e4 Nf6 {(00:33)}
5. Bd3 {(01:04)} O-O {(01:59)} 6. Nge2 {(00:40)} Nc6 {
(01:06)} 7. O-O {(02:20)} e5 {(03:25)} 8. d5 {(01:
41)} Ne7 {(00:33)} 9. Bg5 {(02:16)} h6 {(01:33)} 10. Bh4 {
(03:33)} Ne8 {(01:40)} 11. f3 {(05:22)} f5 {(02:21]
} 12. Bf2 {(09:22)} f4 {(03:13)} 13. b4 g5 {(02:33)} 14.
Kh1 {(06:27)} Ng6 {(03:48)} 15. Rg1 {(04:53)} Nh4 {
(16:26)} 16. Bxh4 {(04:11)} gxh4 {(00:40)} 17. Qe1 {
(02:34)} Qg5 {(03:11)} 18. Qf2 {(05:39)} Nf6 {(03:
38)} 19. g3 {(04:39)} hxg3 {(05:07)} 20. hxg3 {(04:09)}
Qh5+ {(03:04)} 21. Qh2 {(00:21)} Qxf3+ {(02:53)} 22. Rg2 {
(02:19)} Ng4 {(05:52)} 23. Qg1 {(04:34)} Qxd3 {(12:
25)} 24. Rd1 {(09:28)} Qxc4 {(02:03)} 25. gxf4 {(03:28)}
exf4 {(08:20)} 26. Rf1 {(09:04)} f3 0-1

[Event "42nd Olympiad Baku 2016 Women"]
[Site "Baku"]
[Date "2016.09.05"]
[Round "4.12"]
[White "Felix Vega, Aurora Edith"]
[Black "Patino Garcia, Corals"]
[Result "1-0"]
[ECO "D43"]
[WhiteElo "2053"]
[BlackElo "1994"]
[Annotator ""]
[PlyCount "119"]
[EventDate "2016.??.??"]
[EventCountry "AZE"]
[SourceTitle "playchess.com"]
[Source "ChessBase"]
[WhiteTeam "Peru"]
[BlackTeam "Venezuela"]
[WhiteTeamCountry "PER"]
[BlackTeamCountry "VEN"]
[TimeControl "40/5400+30:1800+30"]

1. d4 {(00:00)} d5 {(00:00)} 2. c4 {(00:00)} c6 {(
00:00)} 3. Nf3 {(00:00)} Nf6 {(00:00)} 4. Nc3 {(00:26)} e6
{(01:00)} 5. g3 {(00:17)} Nbd7 {(02:31)} 6. Bg2 {(
01:39)} Be7 {(01:48)} 7. O-O {(00:23)} O-O {(00:15)} 8. b3
{(03:54)} b6 {(11:35)} 9. Bb2 {(01:31)} Bb7 {(00:
05)} 10. Rc1 {(05:11)} Rc8 {(02:50)} 11. Nd2 {(08:56)} h6
{(09:00)} 12. e4 {(16:52)} dxe4 {(10:38)} 13. Ndxe4 {
(00:07)} Nxe4 {(02:22)} 14. Nxe4 {(00:14)} Nf6 {(
00:08)} 15. Qe2 {(00:44)} Nxe4 {(04:18)} 16. Bxe4 {(01:13]
} Bf6 {(11:09)} 17. Rfd1 {(06:18)} Qe7 {(01:00)} 18. Rc2 {
(30:02)} Rfd8 {(04:08)} 19. Rcd2 {(08:21)} Rc7 {(
12:41)} 20. d5 {(10:49)} cxd5 {(01:47)} 21. Bxf6 {(01:23)}
Qxf6 {(00:46)} 22. cxd5 {(00:05)} exd5 {(03:45)} 23. Bxd5
{(01:59)} Bxd5 {(00:14)} 24. Rxd5 {(00:52)} Rxd5 {(
01:47)} 25. Rxd5 {(00:14)} Rc1+ {(02:27)} 26. Kg2 {(00:37]
} Qc6 {(06:47)} 27. Qf3 {(00:04)} g6 {(01:14)} 28. Rd8+ {
(01:11)} Kg7 {(00:52)} 29. Qxc6 {(00:01)} Rxc6 {(
00:07)} 30. Rd7 {(00:01)} a5 {(00:36)} 31. Rb7 {(00:49)}
h5 {(01:49)} 32. h4 {(00:49)} Rd6 {(02:58)} 33. a3 {
(00:26)} Rc6 {(00:15)} 34. Kf1 {(00:51)} Re6 {(00:
06)} 35. b4 {(00:33)} axb4 {(01:40)} 36. axb4 {(00:01)}
Kf6 {(01:15)} 37. b5 {(00:45)} Kg7 {(00:25)} 38. Kg2 {
(00:45)} Kf6 {(02:27)} 39. Kf3 {(00:26)} Kg7 {(00:
40)} 40. Kf4 {(00:00)} Kf6 {(00:00)} 41. Rc7 {(19:33)} Kg7
{(06:52)} 42. Rc6 {(00:40)} Re2 {(23:42)} 43. Kf3 {
(00:37)} Rb2 {(01:50)} 44. Rxb6 {(00:09)} Rb4 {(00:
29)} 45. Rb8 {(02:59)} Kf6 {(00:38)} 46. b6 {(00:05)} Kg7
{(00:41)} 47. Ke3 {(00:40)} Kf6 {(00:52)} 48. Kd3 {
(04:06)} Rb2 {(00:18)} 49. Kc3 {(00:17)} Rb1 {(00:
48)} 50. Kd4 {(00:43)} Kf5 {(00:28)} 51. Kc5 {(01:19)} Kg4
{(00:47)} 52. Rf8 {(00:18)} f5 {(00:28)} 53. Rg8 {(
00:05)} Kf3 {(00:26)} 54. Rxg6 {(00:12)} Kxf2 {(00:31)}
55. Rg5 {(00:18)} Kf3 {(00:26)} 56. Rxf5+ {(00:37)} Kxg3 {
(00:06)} 57. Rxh5 {(00:37)} Kg4 {(00:20)} 58. Rd5 {
(00:37)} Rc1+ {(00:43)} 59. Kd6 {(00:07)} Rb1 {(00:
32)} 60. Kc6 {(00:08)} 1-0